 Dungeon Crawl Stone Soup version 0.24.1-14-gf8d2b509d9 (webtiles) character file.

Game seed: 14056325343321269980, levelgen mode: deterministic

21187 Curus the Cruncher (level 12, -17/120 HPs)
             Began as a Gargoyle Gladiator on May 29, 2020.
             Was an Elder of Trog.
             Killed from afar by an ice dragon (22 damage)
             ... with a blast of cold
             ... in an ice cave.
             The game lasted 01:02:19 (12546 turns).

Curus the Cruncher (Gargoyle Gladiator)            Turns: 12546, Time: 01:02:20

Health: -17/120    AC: 29    Str: 30    XL:     12   Next: 87%
Magic:  15/15      EV:  9    Int: 12    God:    Trog [****..]
Gold:   777        SH:  0    Dex: 15    Spells: 11/11 levels left

rFire    . . .     SeeInvis .   a - +1 quarterstaff
rCold    . . .     Gourm    .   (shield currently unavailable)
rNeg     + . .     Faith    .   h - +1 plate armour
rPois    ∞         Spirit   .   c - +0 helmet
rElec    +         Reflect  .   B - scarf {repulsion}
rCorr    .         Harm     .   i - +0 pair of gloves
MR       .....                  l - +0 pair of boots
Stlth    ..........             (no amulet)
HPRegen  0.30/turn              u - +5 ring of strength
MPRegen  0.14/turn              v - +4 ring of intelligence

@: berserking, repel missiles, very quick
A: negative energy resistance 1, electricity resistance, unbreathing,
petrification resistance, rot immunity, AC +8
a: Berserk, Trog's Hand, Brothers in Arms, Renounce Religion


You were in an ice cave.
You worshipped Trog.
Trog was greatly pleased with you.
You were not hungry.

You visited 2 branches of the dungeon, and saw 13 of its levels.
You also visited: Ice Cave.

You collected 777 gold pieces.

Inventory:

Hand Weapons
 a - a +1 quarterstaff (weapon)
Missiles
 d - 4 throwing nets (quivered)
Armour
 b - a +0 leather armour
 c - a +0 helmet (worn)
 e - a +0 scale mail
 h - a +1 plate armour (worn)
 i - a +0 pair of gloves (worn)
 l - a +0 pair of boots (worn)
 t - a scarf of repulsion
 B - a scarf of repulsion (worn)
Jewellery
 n - a -3 ring of evasion
 u - a +5 ring of strength (left hand)
 v - a +4 ring of intelligence (right hand)
 w - an uncursed ring of attention
 x - an uncursed ring of poison resistance
Wands
 p - a wand of disintegration (16)
 q - a wand of iceblast (8)
 y - a wand of digging (6)
 A - a wand of polymorph (11)
Scrolls
 g - 7 scrolls of identify
 k - 2 scrolls of teleportation
 m - 5 scrolls of remove curse
 r - 3 scrolls of magic mapping
 s - a scroll of fear
Potions
 j - 2 potions of flight
 o - 2 potions of curing
Comestibles
 f - 30 rations


   Skills:
 + Level 11.4 Fighting
 - Level 14.1 Staves
 - Level 1.7 Throwing
 + Level 11.1 Armour
 - Level 2.4 Dodging
 - Level 4.6 Evocations


You had 11 spell levels left.
You didn't know any spells.
Your spell library was empty.

Dungeon Overview and Level Annotations

Branches:
Dungeon (8/15)             Temple (0/1) D:5            Lair (5/6) D:8
 Shoals (0/4) Lair:4       Spider (0/4) Lair:2        IceCv (1/1)
  Slime: Lair:5-6

Altars:
Ashenzari
Elyvilon
Hepliaklqana
Makhleb
Trog
Uskayaw
Wu Jian
Yredelemnul
Zin

Annotations:
D:5 3 runed translucent doors, releu's ghost, novice HaSk


Innate Abilities, Weirdness & Mutations

You are resistant to torment.
Your stone body is resilient. (AC +8)
You are immune to poison.
You resist negative energy. (rN+)
You are resistant to electric shocks. (rElec)
You can survive without breathing.
You are immune to petrification.
You are immune to rotting.


Message History

* * * LOW HITPOINT WARNING * * *
The ice dragon claws you but does no damage.
The ice dragon tramples you.
* * * LOW HITPOINT WARNING * * *
You stumble backwards!
You sock the ice dragon!
The ice dragon is moderately wounded.
You thump the ice dragon!
The ice dragon is moderately wounded.
The ice dragon bites you but does no damage.
The ice dragon claws you!
* * * LOW HITPOINT WARNING * * *
The ice dragon tramples you but does no damage.
You sock the ice dragon!
The ice dragon is heavily wounded.
You sock the ice dragon!
The ice dragon is severely wounded.
The ice dragon breathes frost at you. The blast of cold hits you!!
You die...

########
#..D@..####
#.....#......##
......###.##...#
......
###..##### =....
#.##...# =...$
#....#.## #$$$
##.###..## ####
### ##..####
##....###


You could see an ice dragon.

Vanquished Creatures
  An ice dragon (IceCv)
  2 hydras
  A two-headed ogre (D:8)
  2 black mambas (Lair:4)
  4 merfolk sirens (Lair:4)
  2 spiny frogs
  2 ice statues (IceCv)
  3 rime drakes
  4 komodo dragons
  A queen bee (Lair:3)
  A polar bear (Lair:3)
  5 blink frogs (Lair:5)
  2 hippogriffs (Lair:4)
  3 wyverns
  20 yaks
  A basilisk (Lair:4)
  7 water moccasins
  6 porcupines
  3 sky beasts
  A black bear (D:6)
  An orc warrior (D:4)
  3 phantoms
  24 ice beasts
  A centaur (D:8)
  2 ogres
  9 crocodiles
  11 bullfrogs
  2 scorpions
  24 killer bees (Lair:3)
  4 wights (D:6)
  A howler monkey (D:4)
  A crimson imp (D:8)
  2 bullfrog zombies
  A bullfrog skeleton (D:5)
  A hound (D:6)
  9 orc wizards
  A gnoll shaman (D:4)
  5 orc priests
  A centaur skeleton (D:6)
  A jelly (D:5)
  6 worker ants
  Natasha (twice) (D:3)
  5 iguanas
  11 adders
  9 gnolls
  A howler monkey skeleton (D:8)
  An ooze (D:3)
  An adder skeleton (D:4)
  2 adder zombies (D:8)
  3 worms
  3 dart slugs
  3 leopard geckos
  30 orcs
  8 giant cockroaches
  2 goblins
  6 hobgoblins
  9 jackals
  4 kobolds
  2 quokkas
  2 ball pythons
  8 bats
  3 frilled lizards
  A jackal skeleton (D:7)
  11 rats
308 creatures vanquished.

Vanquished Creatures (others)
  2 fungi (Lair:4)
  3 plants
5 creatures vanquished.

Grand Total: 313 creatures vanquished

Notes
Turn   | Place    | Note
-------+----------+-------------------------------------------
     0 | D:1      | Curus the Gargoyle Gladiator began the quest for the Orb.
     0 | D:1      | Reached XP level 1. HP: 12/12 MP: 1/1
   193 | D:1      | Reached XP level 2. HP: 17/17 MP: 2/2
   551 | D:1      | Reached skill level 4 in Staves
   629 | D:1      | Reached XP level 3. HP: 21/21 MP: 3/3
  1838 | D:3      | Reached XP level 4. HP: 21/26 MP: 4/4
  1906 | D:3      | Reached skill level 5 in Staves
  2076 | D:3      | Reached XP level 5. HP: 26/30 MP: 5/5
  2503 | D:3      | Noticed Natasha
  2508 | D:3      | Killed Natasha
  2508 | D:3      | Reached skill level 6 in Staves
  2542 | D:3      | Found an ornate altar of the Wu Jian Council.
  2804 | D:4      | Reached XP level 6. HP: 29/35 MP: 6/6
  2908 | D:4      | Reached skill level 7 in Staves
  3067 | D:4      | Reached XP level 7. HP: 35/40 MP: 7/7
  3123 | D:4      | Found a bloodstained altar of Trog.
  3123 | D:4      | Found a hide-covered altar of Uskayaw.
  3126 | D:4      | Became a worshipper of Trog the Wrathful
  3196 | D:4      | Reached skill level 8 in Staves
  3238 | D:4      | Found a hazy altar of Hepliaklqana.
  3482 | D:5      | Entered Level 5 of the Dungeon
  3604 | D:4      | Reached skill level 9 in Staves
  3687 | D:3      | Noticed Natasha
  3692 | D:3      | Killed Natasha
  3692 | D:3      | Reached * piety under Trog
  3742 | D:5      | Reached XP level 8. HP: 26/44 MP: 8/8
  4043 | D:5      | Found a shattered altar of Ashenzari.
  4143 | D:5      | Found a staircase to the Ecumenical Temple.
  4199 | D:5      | Found a white marble altar of Elyvilon.
  4208 | D:5      | Reached skill level 10 in Staves
  4305 | D:5      | Found a burning altar of Makhleb.
  4306 | D:5      | Noticed a balrug
  4314 | D:5      | Found a glowing silver altar of Zin.
  4315 | D:5      | Noticed an angel
  4403 | D:5      | Found a runed translucent gate.
  4405 | D:5      | Found a runed translucent gate.
  4407 | D:5      | Found a runed translucent gate.
  4407 | D:5      | Noticed releu's ghost (novice HaSk)
  4921 | D:6      | HP: 2/44 [water moccasin (2)]
  5212 | D:6      | Reached skill level 11 in Staves
  5305 | D:6      | Reached ** piety under Trog
  5313 | D:6      | Reached XP level 9. HP: 29/48 MP: 9/9
  5510 | D:6      | Reached skill level 12 in Staves
  6709 | D:7      | Reached skill level 13 in Staves
  7200 | D:8      | Found a basalt altar of Yredelemnul.
  7309 | D:8      | Noticed a komodo dragon
  7364 | D:8      | Reached XP level 10. HP: 49/53 MP: 10/10
  7566 | D:8      | Noticed a two-headed ogre
  7578 | D:8      | Killed a two-headed ogre
  7578 | D:8      | Reached skill level 14 in Staves
  7588 | D:8      | Found a staircase to the Lair.
  7597 | Lair:1   | Entered Level 1 of the Lair of Beasts
  7656 | Lair:1   | Reached skill level 1 in Evocations
  7908 | Lair:1   | Reached *** piety under Trog
  8338 | Lair:2   | Found a hole to the Spider Nest.
  8369 | Lair:2   | Reached skill level 1 in Armour
  8685 | Lair:2   | Found a white marble altar of Elyvilon.
  9150 | Lair:3   | Reached XP level 11. HP: 47/62 MP: 14/14
  9160 | Lair:3   | Reached skill level 5 in Fighting
  9185 | Lair:3   | Reached skill level 5 in Armour
  9514 | Lair:3   | HP: 2/66 [killer bee (4)]
  9737 | Lair:3   | Reached **** piety under Trog
 10344 | Lair:3   | Received a gift from Trog
 10356 | Lair:3   | Noticed a six-headed hydra
 10368 | Lair:3   | Killed a six-headed hydra
 10543 | Lair:4   | Found a staircase to the Shoals.
 10587 | Lair:4   | Reached XP level 12. HP: 67/76 MP: 15/15
 10699 | Lair:4   | Noticed a five-headed hydra
 10713 | Lair:4   | Killed a five-headed hydra
 11531 | Lair:5   | Reached skill level 10 in Fighting
 11619 | Lair:5   | Reached skill level 10 in Armour
 11634 | Lair:5   | Found a frozen archway.
 11740 | IceCv    | Entered an ice cave
 12528 | IceCv    | Noticed an ice dragon
 12528 | IceCv    | Noticed an ice dragon
 12541 | IceCv    | Killed an ice dragon
 12544 | IceCv    | HP: 5/120 [ice dragon (8)]
 12546 | IceCv    | Killed from afar by an ice dragon

Levels and vault maps discovered:
D:1:      onia_arrival_mini_maze_b, layout_basic
D:2:      layout_basic
D:3:      layout_loops_corners, overflow_temple_1_default,
          hangedman_decor_diamond_cutter, uniq_natasha
D:4:      layout_loops_ring, lemuel_round_altar,
          gammafunk_temple_overflow_elements, chequers_serial_rivers_micro_a
D:5:      layout_basic, grunt_temple_overflow_order_and_chaos_2,
          ashenzari_conservatory_becter, elyvilon_altar_1,
          minmay_temple_entry_ruins, ebering_ghost_rock_garden, first_ration
D:6:      layout_basic
D:7:      layout_loops_ring
D:8:      layout_gridville, grunt_gozag_breadcrumbs, lemuel_doored_altar,
          david_lair_shrubbed
Lair:1:   layout_hall_layers
Lair:2:   layout_layer_cave, spider_nest_entry_web_field, basic_altar
Lair:3:   layout_roguey [special_room_bee], st_stairs_3,
          infiniplex_staircase_pool_2
Lair:4:   layout_cave_pods, elwin_shoals_entry_stream, grunt_megastairs_5,
          serial_bayou_shore_b
Lair:5:   layout_roguey, portal_ice_cave_entry_ice_beasts, grunt_megastairs_2
IceCv:    ice_cave_small_dragons

Skill      XL: |  1  2  3  4  5  6  7  8  9 10 11 12 |
---------------+-------------------------------------+-----
Staves         | 4 5 6 7 9 11 13 14 | 14.1
Evocations     | 4 |  4.6
Armour         | 4 8 11 | 11.1
Fighting       | 4 9 11 | 11.4
Throwing       | |  1.7
Dodging        | |  2.4

Action                   |  1- 3 |  4- 6 |  7- 9 | 10-12 || total
-------------------------+-------+-------+-------+-------++-------
Melee: Quarterstaff      |   144 |   192 |   565 |   876 ||  1777
Invok: Berserk           |       |       |     2 |    12 ||    14
       Trog's Hand       |       |       |       |     1 ||     1
Evoke: Wand              |       |       |     1 |     4 ||     5
  Use: Scroll            |     6 |     3 |     4 |     4 ||    17
       Potion            |     4 |     1 |     5 |     1 ||    11
  Eat: Chunk             |     3 |     4 |    10 |    22 ||    39
       Ration            |       |       |     2 |     2 ||     4
Armor: Leather armour    |    11 |       |       |       ||    11
       Scale mail        |    19 |       |       |       ||    19
       Plate armour      |    76 |   160 |   361 |   648 ||  1245
Dodge: Dodged            |    53 |    58 |   124 |   353 ||   588
       Deflected         |       |       |     4 |     2 ||     6
